Map: Overgrown Facility

Players

Killermario

  • Race: Zerg Zerg
  • League: Silver
  • Spawn Location: 7:00

Odinserbe

  • Race: Protoss Protoss
  • League: Gold
  • Spawn Location: 9:00

tonglas - Winner!

  • Race: Protoss Protoss
  • Spawn Location: 3:00

ILIEKEGGPIE - Winner!

  • Race: Protoss Protoss
  • League: Platinum
  • Spawn Location: 1:00

VOD

Have the link to the VOD?

Description

Time

  • Played on: April 17, 2018, 7:14 p.m.
  • Length: 11:54
Show
View Real Time Build Order
Export as new Build Order

Killermario Zerg 

Build Orders: Hatch First 

Get SALT Encoding   

  12  0:08  Overlord  
  12  0:13  Drone  
  13  0:19  Drone  
  14  0:27  Drone  
  15  0:32  Drone  
  16  0:51  Drone  
  17  1:04  Hatchery  
  17  1:05  Drone  
  17  1:06  Drone  
  18  1:14  Drone  
  19  1:21  Spawning Pool  
  18  1:25  Extractor  
  18  1:27  Drone  
  18  1:43  Drone  
  19  1:57  Drone x2  
  21  2:11  Drone  
  22  2:16  Queen  
  24  2:25  Overlord  
  24  2:34  Drone x2  
  26  2:50  Baneling Nest  
  25  2:55  Zergling x4  
  25  2:56  Zergling x4  
  29  3:01  Queen  
  29  3:02  Queen  
  29  3:04  Zergling x4  
  35  3:29  Zergling x2  
  35  3:32  Overlord x3  
  36  3:38  Lair  
  36  3:51  Zergling x10  
  41  4:02  Metabolic Boost  
  41  4:12  Overlord, Extractor  
  41  4:13  Zergling x6  
  41  4:14  Zergling x6  
  41  4:16  Drone x3  
  49  4:28  Evolution Chamber  
  49  4:30  Evolution Chamber  
  47  4:40  Baneling  
  47  4:41  Baneling x6  
  47  4:44  Zergling x6  
  47  4:45  Zergling x2  
  51  4:48  Zergling x2  
  52  4:54  Overseer  
  52  4:58  Overseer  
  52  5:03  Drone x2  
  54  5:29  Zergling x10  
  54  5:31  Zerg Ground Armor Level 1  
  59  5:44  Zerg Melee Weapons Level 1  
  59  5:45  Zergling x2  
  59  5:46  Zergling x4  
  59  5:48  Baneling  
  62  6:18  Centrifical Hooks  
  62  6:21  Zergling x4  
  62  6:22  Zergling x8  
  54  7:12  Zergling x12  
  54  7:13  Zergling x14  
  63  7:25  Baneling  
  63  7:26  Baneling x6  
  54  7:30  Zergling x6  
  56  7:40  Baneling x2  
  56  7:41  Baneling x7  
  56  7:42  Baneling x5  
  54  7:51  Zerg Ground Armor Level 2  
  53  7:52  Zerg Melee Weapons Level 2  
  40  8:46  Zergling x4  
  40  8:47  Zergling x4  
  43  8:50  Overlord x4  
  43  8:51  Overlord  
  43  8:53  Baneling x6  
  43  8:54  Baneling x7  
  43  8:55  Baneling  
  41  9:29  Zergling x12  
  37  9:58  Drone x6  
  43  10:03  Extractor  
  43  10:05  Extractor  
  41  10:19  Hatchery  
  40  10:22  Hatchery  
  40  10:24  Hatchery  
  40  10:25  Queen x2  
  42  10:29  Zergling x12  
  42  10:30  Zergling x2  
  42  10:32  Baneling  
  37  10:57  Zergling x4  
  37  10:58  Zergling x12  
  37  10:59  Zergling x2  
  37  11:01  Queen x2  
  42  11:06  Baneling x6  
Show
View Real Time Build Order
Export as new Build Order

Odinserbe Protoss 

Build Orders:  

Get SALT Encoding   

  12  0:14  Pylon  
  12  0:21  Assimilator  
  12  0:27  Assimilator  
  12  0:46  Gateway  
  12  0:50  Probe  
  13  1:02  Probe  
  14  1:15  Probe  
  15  1:39  Cybernetics Core  
  15  1:44  Cybernetics Core  
  15  1:51  Probe  
  15  1:59  Probe  
  17  2:10  Probe  
  18  2:37  Stargate  
  18  2:39  Stalker  
  20  3:09  Nexus  
  20  3:30  Stargate  
  20  3:43  Pylon  
  20  3:48  Pylon  
  20  4:00  Pylon  
  20  4:01  Pylon  
  20  4:03  Pylon  
  20  4:07  Pylon  
  20  4:17  Probe  
  21  4:26  Probe  
  21  4:27  Assimilator  
  21  4:28  Probe  
  23  4:34  Probe  
  23  4:37  Probe  
  24  4:42  Probe  
  24  4:45  Probe  
  25  4:50  Assimilator  
  27  4:54  Probe  
  27  4:55  Probe  
  29  5:03  Probe  
  30  5:07  Probe  
  30  5:11  Probe  
  31  5:19  Probe  
  33  5:30  Fleet Beacon  
  30  5:42  Void Ray  
Show
View Real Time Build Order
Export as new Build Order

tonglas Protoss - Winner!

Build Orders:  

Get SALT Encoding   

  12  0:01  Probe  
  13  0:13  Probe  
  14  0:27  Pylon  
  14  0:41  Probe  
  14  0:46  Assimilator  
  14  0:49  Probe  
  15  0:50  Assimilator  
  15  0:55  Gateway  
  16  1:12  Probe  
  17  1:20  Probe  
  18  1:28  Probe  
  18  1:29  Pylon  
  19  1:39  Probe  
  19  1:44  Cybernetics Core  
  19  1:47  Zealot  
  22  1:51  Probe  
  23  2:16  Gateway  
  23  2:17  Gateway  
  23  2:26  Stalker  
  25  2:47  Probe  
  25  2:56  Probe  
  27  3:06  Probe  
  27  3:09  Stalker  
  30  3:20  Pylon  
  30  3:21  Pylon  
  30  3:34  Warp Gate  
  30  3:38  Stalker x2  
  34  3:42  Nexus  
  34  3:52  Stalker  
  36  4:12  Pylon  
  36  4:15  Assimilator  
  36  4:20  Assimilator  
  36  4:23  Pylon  
  36  4:30  Sentry  
  38  4:36  Pylon  
  38  4:39  Pylon  
  38  4:41  Sentry x2  
  42  4:49  Probe  
  43  4:56  Probe  
  43  4:57  Probe  
  44  5:05  Probe  
  45  5:08  Probe  
  47  5:16  Probe  
  47  5:18  Gateway  
  47  5:19  Gateway  
  48  5:24  Probe  
  49  5:28  Probe  
  49  5:32  Probe  
  50  5:40  Probe  
  52  5:59  Probe  
  53  6:08  Probe x2  
  54  6:12  Stalker x3  
  54  6:18  Probe  
  61  6:20  Twilight Council, Probe  
  63  6:30  Probe  
  63  6:32  Probe  
  65  6:42  Probe  
  65  6:44  Probe  
  68  6:54  Probe  
  68  6:56  Probe  
  69  7:06  Probe  
  70  7:17  Probe  
  71  7:25  Probe  
  72  7:35  Probe  
  73  7:54  Probe  
  73  7:57  Charge  
  74  8:02  Probe  
  74  8:06  Gateway  
  74  8:07  Gateway  
  74  8:11  Dark Shrine  
  74  8:12  Probe  
  76  8:20  Nexus  
  76  8:23  Assimilator  
  76  8:28  Assimilator  
  76  8:31  Pylon  
  76  8:33  Pylon  
  76  8:39  Nexus  
  76  8:43  Assimilator  
  76  8:47  Assimilator  
  76  8:51  Pylon  
  76  8:53  Pylon  
  76  9:14  Forge  
  76  9:15  Forge  
  76  9:24  Stalker x5  
  84  10:04  Stalker  
  84  10:05  Stalker x2  
  84  10:06  Pylon  
  90  10:07  Stalker  
  90  10:08  Stalker x2  
  96  10:17  Probe x3  
  96  10:19  Probe  
  100  10:25  Probe  
  100  10:29  Probe x2  
  100  10:31  Probe  
  100  10:34  Forge  
  100  10:35  Probe  
  104  10:41  Probe x2  
  107  10:43  Probe  
  107  10:47  Probe  
  107  10:49  Dark Templar  
  111  10:50  Dark Templar x5  
  111  10:53  Gateway, Probe  
  111  10:54  Gateway  
  111  10:56  Gateway  
  122  10:59  Gateway, Probe  
  122  11:02  Gateway  
  123  11:11  Probe  
  124  11:23  Probe, Dark Templar x3  
  124  11:24  Dark Templar x4  
  139  11:36  Probe  
Show
View Real Time Build Order
Export as new Build Order

ILIEKEGGPIE Protoss - Winner!

Build Orders: Double Forge 

Get SALT Encoding   

  12  0:01  Probe  
  13  0:13  Probe  
  14  0:21  Pylon  
  14  0:27  Probe  
  15  0:35  Probe  
  16  0:43  Probe  
  16  0:44  Gateway  
  17  0:51  Assimilator  
  17  0:56  Probe  
  18  1:09  Probe  
  19  1:12  Pylon  
  19  1:21  Probe  
  20  1:33  Cybernetics Core  
  20  1:42  Probe  
  21  1:52  Nexus  
  21  1:54  Probe  
  22  2:09  Stalker  
  22  2:11  Assimilator  
  24  2:20  Warp Gate  
  24  2:37  Probe  
  25  2:55  Stalker  
  27  3:01  Pylon  
  27  3:05  Probe  
  27  3:08  Probe  
  29  3:13  Probe  
  30  3:21  Robotics Facility, Probe  
  30  3:24  Gateway  
  30  3:26  Gateway  
  30  3:29  Sentry  
  32  3:36  Probe  
  32  3:39  Probe  
  34  3:44  Probe  
  34  3:48  Pylon  
  35  3:51  Probe  
  36  3:59  Warp Prism  
  38  4:22  Probe  
  38  4:23  Probe  
  38  4:27  Twilight Council  
  38  4:30  Probe  
  38  4:31  Probe  
  40  4:37  Zealot x2  
  40  4:38  Zealot  
  48  4:40  Probe  
  49  4:55  Probe  
  49  4:56  Charge  
  49  4:57  Probe  
  49  4:58  Forge  
  49  4:59  Forge  
  51  5:03  Assimilator, Probe  
  51  5:07  Assimilator, Pylon  
  51  5:11  Immortal  
  51  5:12  Probe  
  53  5:24  Probe  
  58  5:44  Zealot x3  
  62  5:52  Protoss Ground Armor Level 1, Protoss Ground Weapons Level 1  
  62  6:05  Stalker x2  
  62  6:06  Stalker  
  68  6:29  Sentry, Gateway  
  68  6:37  Sentry  
  64  6:57  Pylon  
  53  7:19  Zealot x3  
  52  7:52  Probe  
  52  7:56  Protoss Ground Armor Level 2, Protoss Ground Weapons Level 2  
  53  8:00  Probe  
  54  8:06  Gateway  
  54  8:07  Gateway  
  54  8:10  Pylon, Probe  
  55  8:14  Pylon  
  55  8:22  Probe  
  42  8:29  Sentry x3  
  42  8:30  Zealot  
  44  9:00  Stalker x2  
  44  9:01  Stalker x2  
  44  9:02  Sentry x2  
  56  9:14  Pylon  
  56  9:15  Pylon  
  56  9:28  Sentry x2  
  52  9:53  Immortal  
  52  9:57  Zealot x2  
  52  9:58  Zealot x2  
  64  10:30  Zealot x3  
  70  10:44  Stalker x2  
  70  10:45  Stalker  
  76  11:05  Stalker x3  
  76  11:08  Zealot  
  76  11:09  Zealot x2  
Tags
 
Add a new tag
Caveats
  • Supply blocks, unpowered buildings, or Contaminate may cause inaccurate times.
  • Supply counts are checked every 10 seconds.